 Dungeon Crawl Stone Soup version 0.28-a0-563-gf77a47075d (webtiles) character file.

Game seed: 18090990447318876248

53 Spaninq the Slasher (level 3, -1/20 HPs)
             Began as a Vine Stalker Cinder Acolyte on Sept 30, 2021.
             Was a High Priest of Ignis.
             Slain by a centaur (2 damage)
             ... on level 3 of the Dungeon.
             The game lasted 00:03:56 (2024 turns).

Spaninq the Slasher (Vine Stalker Cinder Acolyte)   Turns: 2024, Time: 00:03:56

Health: -1/20      AC:  3    Str: 17    XL:     3   Next: 89%
Magic:  0/5        EV: 11    Int: 14    God:    Ignis [*****.]
Gold:   125        SH:  0    Dex:  9    Spells: 2/4 levels left

rFire   + . .      SeeInvis .   a - -1 falchion (flame)
rCold   . . .      Faith    .   (no shield)
rNeg    . . .      Spirit   +   b - +0 robe
rPois   .          Reflect  .   (no helmet)
rElec   .          Harm     .   (no cloak)
rCorr   .          Rampage  .   (no gloves)
Will    .....                   i - +0 pair of boots
Stlth   +.........              (no amulet)
HPRegen 0.06/turn               (no ring)
MPRegen 0.09/turn               (no ring)

@: very slightly contaminated
A: fangs 2, magic shield, antimagic bite, no potion heal 2
a: Renounce Religion, Sea of Fire, Foxfire Swarm, Rising Flame


You were on level 3 of the Dungeon.
You worshipped Ignis.
Ignis was extremely pleased with you.
You visited 1 branch of the dungeon, and saw 3 of its levels.

You collected 125 gold pieces.

Inventory:

Hand Weapons
 a - a -1 falchion of flaming (weapon)
Armour
 b - a +0 robe (worn)
 g - a +0 chain mail
 i - a +0 pair of boots (worn)
Jewellery
 c - a ring of fire
Scrolls
 d - a scroll of amnesia {unknown}
 e - a scroll of fog {unknown}
 h - a scroll of teleportation {unknown}
Potions
 f - a potion of mutation {unknown}
 j - a potion of cancellation {unknown}


   Skills:
 + Level 3.2 Fighting
 * Level 3.8 Long Blades
 + Level 1.1 Spellcasting
 - Level 3.0 Fire Magic


You had 2 spell levels left.
You knew the following spells:

 Your Spells              Type           Power      Damage    Failure   Level
a - Scorch                Fire           18%        2d6       12%         2

Your spell library contained the following spells:

 Spells                   Type           Power      Damage    Failure   Level
 Corpse Rot               Necr/Air       N/A        N/A       36%         2
 Static Discharge         Conj/Air       0%         N/A       36%         2
 Dispel Undead            Necr           0%         3d6       95%         4
 Olgreb's Toxic Radiance  Pois           0%         N/A       95%         4
 Lightning Bolt           Conj/Air       0%         1d11      100%        5
 Death Channel            Necr           0%         N/A       100%        6
 Ozocubu's Refrigeration  Ice            0%         4d5       100%        7
 Ignition                 Fire           4%         3d4       100%        8
 Maxwell's Capacitive Co  Air            0%         ∞         100%        8


Dungeon Overview and Level Annotations

Branches:
Dungeon (3/15)

Altars:
Xom

Shops:
D:3 =


Innate Abilities, Weirdness & Mutations

You have extremely sharp teeth.
When hurt, damage is shared between your health and your magic reserves.
Your bite disrupts and absorbs the magic of your enemies.
Potions cannot restore your health.


Message History

a +0 dagger; a +0 hunting sling; 16 stones An endoplasm comes into view.
Casting: Scorch (safe; 12% risk of failure)
Confirm with . or Enter, or press ? or * to list all spells.
Flames lash the endoplasm.
You kill the endoplasm!
A goblin comes into view. It is wielding a +0 dagger.
Found a stone staircase leading down.
Casting: Scorch (safe; 12% risk of failure)
Confirm with . or Enter, or press ? or * to list all spells.
Flames lash the goblin.
You kill the goblin!
Things that are here:
a +0 dagger; a goblin corpse
There is a stone staircase leading down here.
Found a stone staircase leading up.
There is a stone staircase leading up here.
A centaur comes into view.
Found a scroll labelled JOSYASI WAONKE.
The centaur wields a +0 shortbow.
The centaur shoots an arrow.
The arrow hits you.
The centaur shoots an arrow.
The arrow closely misses you.
The centaur shoots an arrow.
The arrow closely misses you.
The centaur unwields a +0 shortbow.
The centaur barely misses you. The centaur kicks you.
The centaur closely misses you. The centaur barely misses you.
You barely miss the centaur.
The centaur hits you but does no damage.
The centaur kicks you.
Casting: Scorch (safe; 12% risk of failure)
Confirm with . or Enter, or press ? or * to list all spells.
You miscast Scorch.
You are very lightly contaminated with residual magic.
Nothing appears to happen.
The centaur hits you.
* * * LOW HITPOINT WARNING * * *
The centaur kicks you but does no damage.
The centaur barely misses you. The centaur closely misses you.
You closely miss the centaur. The centaur hits you.
* * * LOW HITPOINT WARNING * * *
The centaur kicks you.
You die...

##..........
####).#............
.....###.#######.?#
####..#..# #..# ##...##
#..# ############# #..#
#...........# #..#
##.#########.# #.c#
##.#########.###@.###.#
##.##...................
##.#.#.#####.####.###.##
..#.###.####.### .#
.#.## ##........ ..
..#.###.####.### ..#
##...#.## #.# ..#
...#..######.# ..#
##...........#


You could see a centaur.

Vanquished Creatures
  2 adders
  A worm (D:2)
  2 dart slugs
  5 endoplasms
  A hobgoblin (D:2)
  6 ball pythons
  A bat (D:1)
  2 frilled lizards
  4 goblins
  4 kobolds
  3 rats
31 creatures vanquished.

Notes
Turn   | Place    | Note
-------+----------+-------------------------------------------
     0 | D:1      | Spaninq the Vine Stalker Cinder Acolyte began the quest for
                  | the Orb.
     0 | D:1      | Reached XP level 1. HP: 11/11 MP: 3/3
   101 | D:1      | Found a faded altar of an unknown god.
   189 | D:1      | Reached XP level 2. HP: 15/16 MP: 4/4
   685 | D:2      | Learned a level 2 spell: Scorch
  1004 | D:2      | Found a shimmering altar of Xom.
  1153 | D:2      | Reached XP level 3. HP: 20/20 MP: 0/5
  1757 | D:3      | Found Medipp's Jewellery Shop.
  2017 | D:3      | Noticed a centaur
  2024 | D:3      | HP: 1/20 [centaur (5)]
  2024 | D:3      | Slain by a centaur

Illustrated notes

Levels and vault maps discovered:
D:1:      minmay_arrival_open_corners, layout_loops_ring,
          ebering_ecumenical_altar_box
D:2:      layout_basic, basic_altar, minmay_misc_feat_diagonals
D:3:      minmay_inner_zag, layout_loops_ring, serial_shops, shop,
          minmay_distorted

Skill      XL: |  1  2 |
---------------+-------+-----
Long Blades    | 3 |  3.8
Fighting       | 3 |  3.2
Spellcasting   | |  1.1
Fire Magic     | |  3.0

Action                   || total
-------------------------++-------
Melee: Falchion          ||    63
       Bite              ||     7
 Cast: Scorch            ||    12
 Stab: Sleeping          ||     1
Armor: Robe              ||    12
Dodge: Dodged            ||    44

Table legend: (Time is in decaauts)
 A = Elapsed time spent in this place.
 B = Non-inter-level travel time spent in this place.
 C = Inter-level travel time spent in this place.
 D = Time resting spent in this place.
 E = Time spent auto-exploring this place.
 F = Levels seen in this place.
 G = Mean time per level.
                   A        B        C        D        E       F      G
               +--------+--------+--------+--------+--------+-----+--------+
         Total |   2033 |   1979 |     54 |    131 |   1485 |   3 |  677.7 |
       Dungeon |   2033 |   1979 |     54 |    131 |   1485 |   3 |  677.7 |
               +--------+--------+--------+--------+--------+-----+--------+

Top non-repeatable levels by time:
     D:2: 858 daAuts
     D:1: 742 daAuts
     D:3: 432 daAuts
